 Dungeon Crawl Stone Soup version 0.28.0-49-g6dfe1f597d (webtiles) character file.

Game seed: 14016024677021868972

359 Zeld the Gusty (level 6, -2/37 HPs)
             Began as a Tengu Air Elementalist on May 18, 2022.
             Succumbed to a scorpion's poison
             ... on level 4 of the Dungeon.
             The game lasted 00:05:08 (5968 turns).

Zeld the Gusty (Tengu Air Elementalist)             Turns: 5968, Time: 00:05:08

Health: -2/37      AC:  2    Str:  8    XL:     6   Next: 65%
Magic:  8/12       EV: 15    Int: 17    God:
Gold:   156        SH:  0    Dex: 15    Spells: 2/12 levels left

rFire   . . .      SeeInvis .   (no weapon)
rCold   . . .      Faith    .   (no shield)
rNeg    . . .      Spirit   .   a - +0 robe
rPois   .          Reflect  .   (helmet restricted)
rElec   .          Harm     .   (no cloak)
rCorr   +          Rampage  .   (no gloves)
Will    .....                   (boots unavailable)
Stlth   ++........              (no amulet)
HPRegen 0.12/turn               d - ring of resist corrosion
MPRegen 0.13/turn               (no ring)

@: mighty, lethally poisoned (-2 -> -15), flying quickly and evasively, quick
A: beak, talons 3, nimble flight
a: no special abilities


You were on level 4 of the Dungeon.
You visited 1 branch of the dungeon, and saw 4 of its levels.

You collected 156 gold pieces.

Inventory:

Armour
 a - a +0 robe (worn)
Jewellery
 d - a ring of resist corrosion (left hand)
Wands
 o - a wand of paralysis (1)
Scrolls
 f - a scroll of noise {unknown}
 g - 2 scrolls of teleportation {unknown}
 i - a scroll of amnesia {unknown}
 m - a scroll of identify {unknown}
 n - a scroll of immolation {unknown}
Potions
 b - a potion of cancellation
 c - a potion of might
 e - a potion of curing {unknown}
 h - a potion of flight {unknown}
 j - a potion of degeneration {unknown}
 k - a potion of magic {unknown}
 l - a potion of mutation {unknown}


   Skills:
 * Level 3.1 Fighting
 + Level 3.3 Dodging
 - Level 2.0 Stealth
 * Level 3.7 Spellcasting
 - Level 2.0 Conjurations
 * Level 6.1 Air Magic


You had 2 spell levels left.
You knew the following spells:

 Your Spells              Type           Power      Damage    Failure   Level
a - Shock                 Conj/Air       64%        1d7       3%          1
b - Static Discharge      Conj/Air       16%        N/A       4%          2
c - Swiftness             Air            23%        N/A       4%          3
d - Airstrike             Air            11%        N/A       13%         4

Your spell library contained the following spells:

 Spells                   Type           Power      Damage    Failure   Level
 Pain                     Necr           12%        1d4       16%         1


Dungeon Overview and Level Annotations

Branches:
Dungeon (4/15)
 Temple: D:4-7

Altars:
Uskayaw
Xom

Shops:
D:3 :


Innate Abilities, Weirdness & Mutations

You have a beak for a mouth.
You have claws for feet.
Your magical nature lets you fly swiftly and evasively.


Message History

Confirm with . or Enter, or press ? or * to list all spells.
The ball python is struck by an arc of lightning.
You kill the ball python!
You are struck by an arc of lightning.
The lightning grounds out.
You now have 156 gold pieces (gained 9).
A scorpion comes into view.
A scorpion is nearby!
A scorpion is nearby!
Found a scroll labelled XISOOF NOZ.
A hound comes into view.
The scorpion stings you.
You are poisoned.
The scorpion poisons you!
Casting: Static Discharge (safe; 4% risk of failure)
Confirm with . or Enter, or press ? or * to list all spells.
The scorpion is struck by an arc of lightning!
The scorpion is heavily wounded.
You are struck by an arc of lightning.
The lightning grounds out.
You feel very sick. The scorpion stings you. x2
You are lethally poisoned!
The scorpion poisons you!
Casting: Static Discharge (safe; 4% risk of failure)
Confirm with . or Enter, or press ? or * to list all spells.
The scorpion is struck by an arc of lightning!
The scorpion is almost dead.
You are struck by an arc of lightning.
The lightning grounds out.
* * * LOW HITPOINT WARNING * * *
You feel very sick. The scorpion stings you.
* * * LOW HITPOINT WARNING * * *
Unknown command.
It was a potion of cancellation.
You feel magically purged.
* * * LOW HITPOINT WARNING * * *
You feel very sick. The scorpion barely misses you.
Unknown command.
It was a potion of might.
You feel very mighty all of a sudden.
You die...

...#.#####.#.####..#..###
.....## ##.#..........#
..#...##......#.......#
.............###....###
..............##....#
.....<.........#....#
.................#.#####
.(.....................#
......##........@.......
.##.### ####....s.......
.##.# #............ .##..
#............ .####.
#...........# ## .#
...##.?......# # ....
#...h....# ... #..#..####


You could see a scorpion and a hound (asleep).

Vanquished Creatures
  A phantom (D:2)
  A jelly (D:3)
  Ijyb (D:3)
  An iguana (D:4)
  Natasha (thrice) (D:3)
  6 adders
  A worm (D:3)
  A dart slug (D:4)
  2 orcs
  6 bats
  4 endoplasms
  3 giant cockroaches
  6 goblins
  6 hobgoblins
  2 jackals (D:3)
  5 kobolds
  5 quokkas
  10 ball pythons
  2 frilled lizards
  2 rats
68 creatures vanquished.

Notes
Turn   | Place    | Note
-------+----------+-------------------------------------------
     0 | D:1      | Zeld the Tengu Air Elementalist began the quest for the
                  | Orb.
     0 | D:1      | Reached XP level 1. HP: 10/10 MP: 4/4
   281 | D:1      | Reached XP level 2. HP: 16/16 MP: 4/6
   537 | D:1      | Found a faded altar of an unknown god.
   542 | D:1      | Got Plato's Disquisition on Dark Rites
   602 | D:1      | Reached skill level 1 in Fighting
   744 | D:1      | Reached XP level 3. HP: 20/20 MP: 4/7
   747 | D:1      | Learned a level 2 spell: Static Discharge
   751 | D:1      | Learned a level 3 spell: Swiftness
  1568 | D:2      | Found a hide-covered altar of Uskayaw.
  2308 | D:2      | Reached XP level 4. HP: 6/25 MP: 3/8
  2620 | D:2      | Noticed a phantom
  3231 | D:2      | Killed a phantom
  3232 | D:2      | Reached skill level 5 in Air Magic
  3232 | D:2      | Gained mutation: Your magical nature lets you fly swiftly
                  | and evasively. [Tengu growth]
  3232 | D:2      | Reached XP level 5. HP: 15/30 MP: 1/10
  3237 | D:2      | Learned a level 4 spell: Airstrike
  3680 | D:3      | Noticed Natasha
  3865 | D:3      | Found a shimmering altar of Xom.
  4168 | D:3      | Noticed Ijyb
  4174 | D:3      | Paralysed by Ijyb for 7 turns
  4185 | D:3      | Killed Ijyb
  4186 | D:3      | Reached XP level 6. HP: 22/36 MP: 2/12
  4734 | D:3      | Found Gigicrat's Book Shoppe.
  4786 | D:3      | Killed Natasha
  4888 | D:3      | Noticed Natasha
  4902 | D:3      | Killed Natasha
  5144 | D:3      | Found Gigicrat's Book Shoppe.
  5177 | D:3      | Found a shimmering altar of Xom.
  5376 | D:3      | Noticed Natasha
  5578 | D:3      | Killed Natasha
  5579 | D:3      | Reached skill level 6 in Air Magic
  5967 | D:4      | HP: 1/37 [poisoned by a scorpion]
  5968 | D:4      | Succumbed to a scorpion's poison

Illustrated notes

Levels and vault maps discovered:
D:1:      elethiomel_arrival_quiet, layout_basic,
          shapermc_ecumenical_altar_rom_forum
D:2:      kennysheep_big_flooded_room, layout_basic, basic_altar,
          minmay_heptomino_w4
D:3:      layout_loops_ring, mainiacjoe_overflow_24_doors, serial_shops,
          nicolae_shop_waterfront, kennysheep_cluttered_room, uniq_natasha,
          uniq_ijyb
D:4:      layout_rooms, nicolae_figureground_sparkle, uniq_pikel

Skill      XL: |  1  2  3  4  5  6 |
---------------+-------------------+-----
Fighting       | 1 2 3 |  3.1
Conjurations   | 2 |  2.0
Spellcasting   | 3 |  3.7
Air Magic      | 5 6 |  6.1
Dodging        | 3 |  3.3
Stealth        | |  2.0

Action                   |  1- 3 |  4- 6 || total
-------------------------+-------+-------++-------
Melee: Unarmed           |     3 |    29 ||    32
       Peck              |     1 |     4 ||     5
       Kick              |     1 |     7 ||     8
 Cast: Shock             |    44 |     1 ||    45
       Static Discharge  |    11 |    59 ||    70
  Use: Potion            |       |     2 ||     2
 Stab: Sleeping          |       |     4 ||     4
Armor: Robe              |     2 |     5 ||     7
Dodge: Dodged            |    11 |    56 ||    67
